[ PARTIDA AOE2 · #506602863 ]
UnrankedSicilianos vs Armenians
Equipo del jugador · DERR
Equipo rival · VICT
[ ANÁLISIS DE REPETICIÓN · EXTRAÍDO DE LA PARTIDA GRABADA ]
Feudal
10:31
Castillos
21:42
Imperial
36:49
| APM promedio | 72.2 |
| APM pico | 118 |
| eAPM promedio | 32.9 |
| Aldeanos / militares | 215 / 400 |
Foco
⚔️ 40.4% · 🌾 59.6%
Knight ×186 · Archer ×73 · Skirmisher ×44 · Serjeant ×39 · Scout Cavalry ×38 · Petard ×7
Feudal
8:30
Castillos
23:21
Imperial
38:17
| APM promedio | 61.1 |
| APM pico | 109 |
| eAPM promedio | 30.1 |
| Aldeanos / militares | 202 / 385 |
Foco
⚔️ 43.7% · 🌾 56.3%
Militia ×162 · Composite Bowman ×84 · Spearman ×69 · Archer ×43 · Scout Cavalry ×20 · Trebuchet (Packed) ×4
Mapa de la partida
Recursos iniciales + cada clic de construcción. Líneas = muros · curvas = relieve. ◆ oro · ⬟ piedra · ● bayas · ✦ reliquia · ◌ hueco del cierre
Tu base· Abierta — hueco de 3t
Base de Mattroid 99· Abierta — hueco de 3t
Terreno inicial suavizado · ◌ = hueco del cierre detectado · pasá el cursor para detalles
Inputs por minuto
— uel - - Mattroid 99
Build order — uel
Primeras 150 de 850 acciones detectadas
| 0:01 | Encolar | Villager (Male) |
| 0:01 | Encolar | Villager (Male) |
| 0:02 | Encolar | Villager (Male) |
| 0:03 | Construir | House |
| 0:05 | Construir | House |
| 0:12 | Encolar | Villager (Male) |
| 1:23 | Encolar | Villager (Male) |
| 1:24 | Encolar | Villager (Male) |
| 1:50 | Construir | Lumber Camp |
| 1:55 | Encolar | Villager (Male) |
| 1:55 | Encolar | Villager (Male) |
| 2:14 | Encolar | Villager (Male) |
| 2:47 | Encolar | Villager (Male) |
| 2:47 | Encolar | Villager (Male) |
| 3:09 | Encolar | Villager (Male) |
| 3:30 | Encolar | Villager (Male) |
| 3:31 | Encolar | Villager (Male) |
| 3:53 | Construir | House |
| 3:56 | Construir | House |
| 4:01 | Encolar | Villager (Male) |
| 4:11 | Encolar | Villager (Male) |
| 4:34 | Encolar | Villager (Male) |
| 4:47 | Construir | Barracks |
| 4:57 | Encolar | Villager (Male) |
| 5:07 | Construir | House |
| 5:36 | Encolar | Villager (Male) |
| 5:44 | Encolar | Militia |
| 5:44 | Encolar | Militia |
| 5:48 | Encolar | Militia |
| 5:53 | Encolar | Villager (Male) |
| 6:07 | Encolar | Villager (Male) |
| 6:32 | Construir | Mill |
| 6:54 | Encolar | Villager (Male) |
| 7:24 | Encolar | Villager (Male) |
| 7:24 | Investigar | Loom |
| 7:50 | Construir | Donjon |
| 8:13 | Investigar | Feudal Age |
| 8:13 | Investigar | Feudal Age |
| 8:38 | Construir | Lumber Camp |
| 8:51 | Construir | Lumber Camp |
| 9:05 | Encolar | Villager (Male) |
| 9:08 | Construir | House |
| 9:09 | Construir | House |
| 10:08 | Encolar | Villager (Male) |
| 10:31 | Edad | Edad Feudal |
| 10:34 | Construir | Stable |
| 10:37 | Investigar | Double-Bit Axe |
| 10:58 | Investigar | Horse Collar |
| 11:01 | Encolar | Villager (Male) |
| 11:21 | Encolar | Scout Cavalry |
| 11:21 | Encolar | Scout Cavalry |
| 11:29 | Encolar | Villager (Male) |
| 11:30 | Construir | Archery Range |
| 11:36 | Construir | Farm |
| 12:15 | Encolar | Scout Cavalry |
| 12:15 | Encolar | Skirmisher |
| 12:16 | Encolar | Skirmisher |
| 12:24 | Encolar | Villager (Male) |
| 12:28 | Construir | Farm |
| 12:36 | Encolar | Scout Cavalry |
| 12:40 | Construir | Farm |
| 12:42 | Encolar | Villager (Male) |
| 12:49 | Encolar | Villager (Male) |
| 12:51 | Construir | Farm |
| 12:54 | Construir | House |
| 12:55 | Construir | House |
| 13:05 | Encolar | Villager (Male) |
| 13:06 | Construir | Farm |
| 13:12 | Encolar | Villager (Male) |
| 13:17 | Construir | Mining Camp |
| 13:25 | Encolar | Skirmisher |
| 13:36 | Encolar | Skirmisher |
| 13:41 | Encolar | Villager (Male) |
| 13:43 | Construir | Farm |
| 13:51 | Construir | House |
| 13:55 | Encolar | Skirmisher |
| 14:04 | Encolar | Villager (Male) |
| 14:20 | Construir | Farm |
| 14:29 | Encolar | Villager (Male) |
| 14:41 | Encolar | Villager (Male) |
| 14:42 | Construir | Blacksmith |
| 14:53 | Construir | Farm |
| 14:55 | Construir | Farm |
| 15:00 | Encolar | Villager (Male) |
| 15:24 | Encolar | Villager (Male) |
| 15:25 | Construir | Farm |
| 15:40 | Investigar | Fletching |
| 15:51 | Construir | Farm |
| 15:53 | Construir | Farm |
| 15:57 | Construir | Farm |
| 16:01 | Construir | Farm |
| 16:20 | Encolar | Villager (Male) |
| 16:34 | Construir | Farm |
| 16:58 | Construir | Farm |
| 16:59 | Construir | Farm |
| 17:14 | Encolar | Villager (Male) |
| 17:16 | Construir | House |
| 17:16 | Construir | House |
| 18:09 | Construir | Market |
| 18:19 | Encolar | Skirmisher |
| 18:23 | Construir | Farm |
| 18:36 | Encolar | Skirmisher |
| 18:53 | Encolar | Spearman |
| 19:02 | Investigar | Castle Age |
| 19:02 | Investigar | Castle Age |
| 19:06 | Encolar | Skirmisher |
| 19:15 | Construir | Stable |
| 19:29 | Construir | Lumber Camp |
| 19:34 | Investigar | Bloodlines |
| 19:34 | Investigar | Bloodlines |
| 19:46 | Investigar | Gold Mining |
| 20:14 | Investigar | Scale Barding Armor |
| 21:03 | Encolar | Villager (Male) |
| 21:42 | Edad | Edad de los Castillos |
| 21:46 | Construir | Town Center |
| 21:48 | Encolar | Knight |
| 21:48 | Encolar | Knight |
| 21:53 | Investigar | Bow Saw |
| 21:56 | Encolar | Knight |
| 21:59 | Encolar | Villager (Male) |
| 22:11 | Encolar | Knight |
| 22:18 | Encolar | Villager (Male) |
| 22:38 | Encolar | Knight |
| 22:42 | Investigar | Chain Barding Armor |
| 22:43 | Encolar | Villager (Male) |
| 22:51 | Construir | Mining Camp |
| 22:52 | Encolar | Villager (Male) |
| 23:07 | Encolar | Villager (Male) |
| 23:10 | Encolar | Villager (Male) |
| 23:10 | Encolar | Villager (Male) |
| 23:25 | Encolar | Villager (Male) |
| 23:29 | Construir | Mill |
| 23:39 | Encolar | Villager (Male) |
| 23:44 | Investigar | Wheelbarrow |
| 24:11 | Encolar | Villager (Male) |
| 24:20 | Encolar | Villager (Male) |
| 24:32 | Encolar | Villager (Male) |
| 24:34 | Construir | Town Center |
| 24:36 | Encolar | Villager (Male) |
| 24:45 | Encolar | Knight |
| 24:47 | Investigar | Heavy Plow |
| 24:48 | Investigar | Heavy Plow |
| 24:51 | Encolar | Villager (Male) |
| 25:00 | Encolar | Knight |
| 25:03 | Encolar | Villager (Male) |
| 25:05 | Construir | Monastery |
| 25:17 | Encolar | Villager (Male) |
| 25:25 | Construir | Farm |
| 25:26 | Construir | Farm |
| 25:35 | Investigar | Forging |
Build order — Mattroid 99
Primeras 150 de 631 acciones detectadas
| 0:00 | Encolar | Villager (Male) ×4 |
| 0:02 | Construir | House |
| 0:04 | Construir | House |
| 1:31 | Encolar | Villager (Male) |
| 1:32 | Encolar | Villager (Male) |
| 1:44 | Construir | Mule Cart |
| 2:03 | Encolar | Villager (Male) |
| 2:03 | Encolar | Villager (Male) |
| 2:23 | Encolar | Villager (Male) |
| 2:23 | Encolar | Villager (Male) |
| 2:47 | Encolar | Villager (Male) |
| 2:47 | Encolar | Villager (Male) |
| 3:16 | Encolar | Villager (Male) ×2 |
| 3:17 | Encolar | Villager (Male) ×2 |
| 3:48 | Construir | House |
| 3:50 | Construir | House |
| 4:13 | Encolar | Villager (Male) ×3 |
| 4:14 | Encolar | Villager (Male) ×3 |
| 5:04 | Construir | Mill |
| 5:08 | Construir | Mill |
| 5:20 | Construir | Mill |
| 5:24 | Encolar | Villager (Male) |
| 5:24 | Encolar | Villager (Male) |
| 6:20 | Investigar | Feudal Age |
| 6:20 | Investigar | Feudal Age |
| 6:42 | Construir | Mule Cart |
| 7:02 | Investigar | Loom |
| 7:21 | Construir | Palisade Wall |
| 7:22 | Construir | Palisade Wall |
| 7:23 | Construir | Palisade Wall |
| 7:23 | Construir | Palisade Wall |
| 7:25 | Construir | Palisade Wall |
| 7:26 | Construir | Palisade Wall |
| 7:27 | Construir | Palisade Wall |
| 7:34 | Construir | Palisade Wall |
| 7:35 | Construir | Palisade Wall |
| 7:36 | Construir | Palisade Wall |
| 7:37 | Construir | Palisade Wall |
| 7:39 | Construir | Palisade Wall |
| 7:44 | Construir | Palisade Wall |
| 7:45 | Construir | Palisade Wall |
| 7:46 | Construir | Palisade Wall |
| 7:47 | Construir | Palisade Wall |
| 7:49 | Construir | Palisade Wall |
| 7:50 | Construir | Palisade Wall |
| 7:51 | Construir | Palisade Wall |
| 7:51 | Construir | Palisade Wall |
| 7:53 | Construir | Barracks |
| 8:01 | Construir | Palisade Wall |
| 8:25 | Construir | Palisade Wall |
| 8:26 | Construir | Palisade Wall |
| 8:26 | Construir | Palisade Wall |
| 8:30 | Edad | Edad Feudal |
| 8:32 | Encolar | Villager (Male) |
| 9:03 | Construir | Archery Range |
| 9:26 | Encolar | Villager (Male) |
| 9:29 | Investigar | Double-Bit Axe |
| 9:40 | Encolar | Archer |
| 10:02 | Encolar | Villager (Male) |
| 10:03 | Encolar | Villager (Male) |
| 10:11 | Construir | House |
| 10:12 | Construir | House |
| 10:20 | Encolar | Villager (Male) |
| 10:21 | Encolar | Archer |
| 10:39 | Encolar | Archer |
| 10:42 | Construir | Farm |
| 10:55 | Construir | Farm |
| 11:15 | Encolar | Villager (Male) |
| 11:26 | Encolar | Villager (Male) |
| 11:30 | Encolar | Archer |
| 12:06 | Construir | Palisade Wall |
| 12:25 | Encolar | Villager (Male) |
| 12:28 | Encolar | Villager (Male) |
| 12:32 | Construir | Blacksmith |
| 12:33 | Construir | House |
| 12:47 | Encolar | Villager (Male) |
| 13:01 | Construir | Farm |
| 13:17 | Construir | Watch Tower |
| 13:25 | Investigar | Fletching |
| 13:27 | Encolar | Spearman |
| 13:28 | Encolar | Spearman |
| 13:35 | Encolar | Villager (Male) |
| 13:38 | Investigar | Horse Collar |
| 13:43 | Construir | House |
| 13:47 | Construir | House |
| 14:03 | Encolar | Villager (Male) |
| 14:24 | Encolar | Villager (Male) |
| 14:25 | Encolar | Archer |
| 14:41 | Construir | Stable |
| 14:44 | Encolar | Villager (Male) |
| 14:49 | Construir | Farm |
| 15:01 | Encolar | Archer |
| 15:18 | Encolar | Villager (Male) |
| 15:20 | Construir | Farm |
| 15:42 | Encolar | Scout Cavalry |
| 15:42 | Encolar | Scout Cavalry |
| 15:44 | Construir | Farm |
| 15:45 | Encolar | Villager (Male) |
| 15:46 | Construir | Farm |
| 15:53 | Construir | House |
| 15:58 | Construir | Palisade Wall |
| 16:00 | Construir | Palisade Wall |
| 16:18 | Encolar | Scout Cavalry |
| 16:19 | Encolar | Villager (Male) |
| 16:19 | Encolar | Villager (Male) |
| 16:28 | Encolar | Villager (Male) |
| 16:30 | Construir | Farm |
| 16:32 | Construir | Farm |
| 16:38 | Construir | Farm |
| 16:43 | Encolar | Scout Cavalry |
| 17:02 | Encolar | Villager (Male) |
| 17:05 | Construir | House |
| 17:06 | Construir | House |
| 17:09 | Construir | Farm |
| 17:40 | Encolar | Scout Cavalry |
| 17:43 | Encolar | Spearman |
| 17:58 | Encolar | Villager (Male) |
| 18:09 | Encolar | Villager (Male) |
| 18:11 | Construir | Farm |
| 18:12 | Construir | Farm |
| 18:23 | Encolar | Villager (Male) |
| 18:25 | Construir | Farm |
| 18:29 | Encolar | Villager (Male) |
| 18:30 | Encolar | Archer |
| 18:31 | Encolar | Archer |
| 18:44 | Encolar | Villager (Male) |
| 19:19 | Construir | Market |
| 19:27 | Encolar | Archer |
| 19:28 | Encolar | Villager (Male) |
| 19:30 | Construir | Farm |
| 19:32 | Construir | Farm |
| 19:34 | Construir | Farm |
| 19:37 | Construir | Farm |
| 19:56 | Encolar | Villager (Male) |
| 20:41 | Investigar | Castle Age |
| 20:53 | Encolar | Archer |
| 21:17 | Encolar | Archer |
| 21:18 | Encolar | Archer |
| 21:20 | Encolar | Villager (Male) |
| 21:25 | Construir | Archery Range |
| 21:29 | Construir | Mule Cart |
| 22:38 | Encolar | Archer |
| 22:39 | Encolar | Archer |
| 23:16 | Encolar | Villager (Male) |
| 23:21 | Edad | Edad de los Castillos |
| 23:27 | Construir | Town Center |
| 23:32 | Encolar | Villager (Male) |
| 23:37 | Construir | Monastery |
| 23:39 | Investigar | Bodkin Arrow |
| 23:40 | Investigar | Crossbowman (upgrade) |
Cronología de la partida
| 4:47 | uel · first_building Barracks |
| 7:21 | Mattroid 99 · wall_segment Palisade Wall x1 |
| 7:22 | Mattroid 99 · wall_segment Palisade Wall x1 |
| 7:23 | Mattroid 99 · wall_segment Palisade Wall x1 |
| 7:23 | Mattroid 99 · wall_segment Palisade Wall x1 |
| 7:25 | Mattroid 99 · wall_segment Palisade Wall x1 |
| 7:26 | Mattroid 99 · wall_segment Palisade Wall x1 |
| 7:27 | Mattroid 99 · wall_segment Palisade Wall x1 |
| 7:34 | Mattroid 99 · wall_segment Palisade Wall x1 |
| 7:35 | Mattroid 99 · wall_segment Palisade Wall x1 |
| 7:36 | Mattroid 99 · wall_segment Palisade Wall x1 |
| 7:37 | Mattroid 99 · wall_segment Palisade Wall x1 |
| 7:39 | Mattroid 99 · wall_segment Palisade Wall x1 |
| 7:44 | Mattroid 99 · wall_segment Palisade Wall x1 |
| 7:45 | Mattroid 99 · wall_segment Palisade Wall x1 |
| 7:46 | Mattroid 99 · wall_segment Palisade Wall x1 |
| 7:47 | Mattroid 99 · wall_segment Palisade Wall x1 |
| 7:49 | Mattroid 99 · wall_segment Palisade Wall x1 |
| 7:50 | uel · first_building Donjon |
| 7:50 | Mattroid 99 · wall_segment Palisade Wall x1 |
| 7:51 | Mattroid 99 · wall_segment Palisade Wall x1 |
| 7:51 | Mattroid 99 · wall_segment Palisade Wall x1 |
| 7:53 | Mattroid 99 · first_building Barracks |
| 8:01 | Mattroid 99 · wall_segment Palisade Wall x1 |
| 8:25 | Mattroid 99 · wall_segment Palisade Wall x1 |
| 8:26 | Mattroid 99 · wall_segment Palisade Wall x1 |
| 8:26 | Mattroid 99 · wall_segment Palisade Wall x1 |
| 8:30 | Mattroid 99 · age_up feudal |
| 9:03 | Mattroid 99 · first_building Archery Range |
| 10:31 | uel · age_up feudal |
| 10:34 | uel · first_building Stable |
| 11:30 | uel · first_building Archery Range |
| 12:06 | Mattroid 99 · wall_segment Palisade Wall x1 |
| 14:41 | Mattroid 99 · first_building Stable |
| 15:58 | Mattroid 99 · wall_segment Palisade Wall x1 |
| 16:00 | Mattroid 99 · wall_segment Palisade Wall x1 |
| 21:05 | uel · first_market_sell 100 wood |
| 21:42 | uel · age_up castle |
| 22:40 | uel · first_market_buy 100 food |
| 23:21 | Mattroid 99 · age_up castle |
| 23:23 | Mattroid 99 · first_market_sell 100 wood |
| 23:24 | Mattroid 99 · first_market_buy 100 stone |
| 23:37 | Mattroid 99 · first_building Monastery |
| 24:34 | Mattroid 99 · wall_segment Palisade Wall x1 |
| 25:05 | uel · first_building Monastery |
| 34:25 | uel · first_building Castle |
| 34:39 | Mattroid 99 · first_building Castle |
| 36:49 | uel · age_up imperial |
| 38:17 | Mattroid 99 · age_up imperial |
| 41:09 | Mattroid 99 · wall_segment Stone Wall x8 |
| 48:28 | Mattroid 99 · wall_segment Stone Wall x9 |
| 52:12 | Mattroid 99 · wall_segment Stone Wall x10 |
| 52:16 | Mattroid 99 · wall_segment Stone Wall x1 |
| 54:38 | Mattroid 99 · first_building Siege Workshop |
| 55:34 | Mattroid 99 · wall_segment Stone Wall x3 |
| 55:37 | Mattroid 99 · wall_segment Stone Wall x5 |
| 55:38 | Mattroid 99 · wall_segment Stone Wall x8 |
| 59:11 | uel · resign |
[ ANÁLISIS IA · 1 CRÉDITO ]
¿Qué pasó realmente en esta partida?
Wolo.gg analiza cada decisión: build order, eco, micro, errores típicos por bracket. Análisis personalizado por WhatsApp o Discord en 30 segundos.
Guía civ
Sicilianos
Perfil
Jugador #9754373